[Event "7th Sharjah Challengers 2024"]
[Site "Sharjah"]
[Date "2024.05.16"]
[Round "3.1"]
[White "Piliposyan, Robert"]
[Black "Delgado Ramirez, Neuris"]
[Result "1/2-1/2"]
[ECO "E11"]
[WhiteElo "2367"]
[BlackElo "2489"]
[Annotator "TA"]
[PlyCount "75"]
[EventDate "2024.05.13"]
[EventType "swiss"]
[EventCountry "UAE"]
[SourceTitle "playchess.com"]
[Source "ChessBase"]
[SourceQuality "1"]
[TimeControl "5400+30"]

1. d4 Nf6 2. c4 Nc6 3. Nf3 e6 4. g3 Bb4+ 5. Bd2 Qe7 6. Nc3 Bxc3 7. Bxc3 Ne4 8. Qc2 Nxc3 9. Qxc3 Qb4 10. Qxb4 Nxb4 11. Kd2 {[%emt 0:00:16] Repels Nc2} b6 12. a3 Nc6 13. Bg2 {[%emt 0:16:40] The position is equal.} Bb7 14. Kc3 Ne7 15. Ne1 Bxg2 16. Nxg2 d6 17. Rhd1 Kd7 18. Nf4 g6 19. b3 a5 20. e4 Rhb8 21. a4 Rd8 22. Rd3 Nc6 23. Ne2 e5 24. f4 Nb4 25. Rd2 exd4+ 26. Nxd4 Re8 27. Re1 Re7 28. e5 Ke8 29. Rde2 {[%emt 0:02:30] exd6 is the strong threat.} dxe5 30. Rxe5 Rxe5 31. Re2 {[%emt 0:10:53][%mdl 8192] [#]} (31. fxe5 Rd8 32. Re2 c5 $17) (31. Rxe5+ $11 Kd7 32. Nb5) 31... Re4 $2 32. Rxe4+ $11 {[%emt 0:00:00][%mdl 4096] Endgame. KRN-KRN} Kd7 33. Re5 f6 34. c5 $2 c6 $2 (34... fxe5 $19 35. fxe5 bxc5 36. e6+ Ke7) 35. Re4 Rc8 {[%emt 0:00:00] [#]} 36. Nb5 $2 {[%emt 0:00:00][%mdl 8192] [#]} Rc7 $4 {[%emt 0:06:30][%mdl 8192] [#]} 37. Kd4 $4 bxc5+ $19 38. Kxc5 {[%emt 0:00:00][%mdl 32768] Weighted Error Value: White=0.96/Black=0.48.  Loses game:     	White=3     	---        Missed win:     	White=1     	Black=3      Inaccurate:     	White=1     	---        OK:         	White=7     	Black=12     Best:        	White=1     	---       . An unexpected result.} 1/2-1/2

[Event "7th Sharjah Challengers 2024"]
[Site "Sharjah"]
[Date "2024.05.16"]
[Round "3.2"]
[White "Lashkin, Jegor"]
[Black "Anwesh, Upadhyaya"]
[Result "1/2-1/2"]
[ECO "D94"]
[WhiteElo "2449"]
[BlackElo "2345"]
[Annotator "TA"]
[PlyCount "87"]
[EventDate "2024.05.13"]
[EventType "swiss"]
[EventCountry "UAE"]
[SourceTitle "playchess.com"]
[Source "ChessBase"]
[SourceQuality "1"]
[TimeControl "5400+30"]

1. d4 d5 2. c4 c6 3. Nc3 Nf6 4. e3 g6 5. Nf3 Bg7 6. h3 O-O 7. Be2 dxc4 8. Bxc4 b5 9. Bd3 Bb7 10. O-O Nbd7 11. e4 c5 12. e5 Nh5 (12... Bxf3 $11 13. gxf3 (13. Qxf3 Nh5 $11) 13... Nh5) 13. Be4 $1 $14 (13. Bxb5 Bxf3 14. Qxf3 cxd4 15. Bxd7 Qxd7 $17) 13... Bxe4 14. Nxe4 cxd4 $1 15. g4 (15. Qxd4 Nxe5 16. Qe3 Qb6 17. Nxe5 Bxe5 $17) 15... f5 $1 16. Neg5 fxg4 17. hxg4 (17. Nxd4 Nxe5 18. Qb3+ Kh8 $11) 17... Nf4 18. Bxf4 $1 (18. Qxd4 $2 Ne2+ 19. Kg2 Nxd4 $19) 18... Rxf4 19. Qb3+ (19. Nxd4 $2 Nc5 (19... Nxe5 20. Nge6 $11) (19... Bxe5 $2 20. Nde6 $18) 20. Nge6 Nxe6 21. Nxe6 Qxd1 22. Rfxd1 Rxg4+ 23. Kf1 Bxe5 $19) 19... Kh8 20. Nf7+ (20. Qxb5 $2 Rb8 (20... Rxg4+ 21. Kh1 $17) 21. Qd5 Nxe5 (21... Rxb2 $2 22. e6 $18) (21... Rxg4+ 22. Kh1 $11) 22. Qxd8+ Rxd8 $19) 20... Rxf7 21. Qxf7 Nxe5 22. Nxe5 Bxe5 23. f4 ({Better is} 23. Kg2 $16 {Strongly threatening Rh1.} Qf8 24. Qxf8+ Rxf8 25. Rfd1) 23... Bf6 (23... Qd7 $11 24. fxe5 Qxg4+ 25. Kf2 Qh4+ 26. Ke2 Qe4+ 27. Kf2 (27. Kd2 Qe3+ 28. Kd1 Qd3+ 29. Ke1 Qe3+ 30. Kd1 Qd3+ 31. Ke1 Qe3+ 32. Kd1 $11) 27... Qe3+ 28. Kg2 Qg5+ 29. Kf3 Qe3+ 30. Kg4 h5+ 31. Kh4 g5+ 32. Kxh5 Qh3+ (32... Qxe5 33. Rh1) 33. Kg6 (33. Kxg5 $2 Rg8+ $17) 33... Rg8+ 34. Qxg8+ Kxg8) 24. g5 {[%emt 0:07:55][%mdl 1024] White has compensation.} Bg7 25. Qe6 {[%emt 0:09:27] White has more active pieces.} (25. Rae1 $16 e5 26. Kg2) 25... d3 $132 {[%emt 0:05:23][%cal Oa8c8][%mdl 2048] Black is fighting back} 26. Kg2 Rc8 27. Rac1 Rc2+ (27... Rxc1 $1 $11 {is more appropriate.} 28. Rxc1 d2 (28... Bxb2 $2 29. Rc8 $18)) 28. Rxc2 $1 $14 dxc2 {[%emt 0:00:04][%mdl 4096] Endgame. KQR-KQB} 29. Qe4 (29. Qc6 $1 $14) 29... e5 (29... Bxb2 30. Qxc2 Bd4 31. Qe4 $16) ({Wrong is} 29... Qd2+ $2 30. Rf2 h6 (30... Qxf2+ $2 31. Kxf2 h6 32. Qxc2 $18) 31. Rxd2 $18) (29... Qc8 $5 30. Rc1 $8 Qg4+ (30... Bxb2 31. Rxc2 Qg4+ 32. Kf2 $14) 31. Kf2 h6 $17) 30. Qxc2 exf4 31. Qc5 Bd4 $1 {[%emt 0:03:31] The position is equal.} 32. Qxb5 a6 $1 33. Qd3 Qxg5+ 34. Kf3 $1 Bxb2 35. Qe4 {[%emt 0:01:12] Chess con chili.} Be5 36. Qa8+ Kg7 37. Qb7+ Kg8 {[%emt 0:00:23] [#] Threatens to win with ...Qg3+.} 38. Qc8+ Kg7 {[%emt 0:00:07] aiming for ...Qg3+.} 39. Qd7+ Kg8 40. Qc8+ Kg7 {[%emt 0:00:03] And now ...Qg3+ would win.} 41. Qd7+ Kg8 42. Qe8+ Kg7 43. Qd7+ Kg8 44. Ke4 {[%emt 0:00:30] Weighted Error Value: White=0.09 (flawless) /Black=0.10 (very precise) .  Mistake:       	White=3     	Black=3      Inaccurate:     	White=2     	Black=1      OK:         	White=14    	Black=5      Best:        	White=3     	Black=7      Strong:       	White=4     	Black=4} 1/2-1/2

[Event "7th Sharjah Challengers 2024"]
[Site "Sharjah"]
[Date "2024.05.16"]
[Round "3.3"]
[White "Dhruva Thota"]
[Black "Divya Deshmukh"]
[Result "1/2-1/2"]
[ECO "C67"]
[WhiteElo "2351"]
[BlackElo "2443"]
[Annotator "TA"]
[PlyCount "51"]
[EventDate "2024.05.13"]
[EventType "swiss"]
[EventCountry "UAE"]
[SourceTitle "playchess.com"]
[Source "ChessBase"]
[SourceQuality "1"]
[TimeControl "5400+30"]

1. e4 e5 2. Nf3 Nc6 3. Bb5 Nf6 4. O-O Nxe4 5. Re1 Nd6 6. Nxe5 Nxe5 7. Rxe5+ Be7 8. Bf1 O-O 9. d4 {[%emt 0:00:20] The position is equal.} Ne8 10. Re1 d5 11. Bf4 Bd6 12. Qf3 Bxf4 13. Qxf4 Qd6 14. Qxd6 Nxd6 15. Bd3 Bf5 16. Bxf5 Nxf5 17. c3 f6 18. Nd2 Kf7 19. Re2 Rfd8 20. a4 a5 21. Rae1 {[%emt 0:06:23] Threatens to win with g4.} h5 22. g3 Rd7 23. h4 Re7 24. Kg2 Rxe2 25. Rxe2 Nd6 26. Nb3 {[%emt 0:02:23] Not much happened in this game.   Weighted Error Value: White=0.05 (flawless) /Black=0.03 (flawless) .  OK:         	White=4     	Black=5} 1/2-1/2

[Event "7th Sharjah Challengers 2024"]
[Site "Sharjah"]
[Date "2024.05.16"]
[Round "3.4"]
[White "Farahat, Ali"]
[Black "Garifullina, Leya"]
[Result "1/2-1/2"]
[ECO "B14"]
[WhiteElo "2327"]
[BlackElo "2431"]
[Annotator "TA"]
[PlyCount "52"]
[EventDate "2024.05.13"]
[EventType "swiss"]
[EventCountry "UAE"]
[SourceTitle "playchess.com"]
[Source "ChessBase"]
[SourceQuality "1"]
[TimeControl "5400+30"]

1. d4 Nf6 2. Nf3 d5 3. e3 c5 4. c4 cxd4 5. exd4 g6 6. Nc3 Bg7 7. Qb3 dxc4 8. Bxc4 O-O 9. O-O e6 10. Rd1 Nc6 {[%emt 0:03:36] The position is equal.} 11. Bg5 Na5 12. Qb4 Nxc4 13. Qxc4 Qb6 14. Ne5 Nd5 {[%emt 0:06:46] [#] aiming for ...f6.} 15. Bd2 (15. Nxd5 $2 {loses.} exd5 16. Qxd5 Be6 $19) 15... Rd8 16. Rac1 (16. a4 {seems wilder.} Qxb2 17. a5 b5 18. Nxb5 Ba6 19. Rab1) 16... Bd7 17. Nxd5 exd5 18. Qc7 Be6 19. Qxb6 axb6 20. a3 Rdc8 21. f3 Bf5 22. g4 f6 23. gxf5 fxe5 24. Rxc8+ Rxc8 25. Bc3 exd4 26. Bxd4 gxf5 {[%emt 0:01:09] Weighted Error Value: White=0.02 (flawless) /Black=0.07 (flawless) .  Inaccurate:     	---       	Black=2      OK:         	White=10    	Black=8      Best:        	White=2     	---} 1/2-1/2

[Event "7th Sharjah Challengers 2024"]
[Site "Sharjah"]
[Date "2024.05.16"]
[Round "3.5"]
[White "Kanyamarala, Trisha"]
[Black "Viani Antonio Dcunha"]
[Result "0-1"]
[ECO "D90"]
[WhiteElo "2264"]
[BlackElo "2394"]
[Annotator "TA"]
[PlyCount "81"]
[EventDate "2024.05.13"]
[EventType "swiss"]
[EventCountry "UAE"]
[SourceTitle "playchess.com"]
[Source "ChessBase"]
[SourceQuality "1"]
[TimeControl "5400+30"]

1. d4 Nf6 2. c4 g6 3. Nc3 d5 4. cxd5 Nxd5 5. Bd2 Bg7 6. e4 Nb6 7. Be3 O-O 8. Nf3 Bg4 9. a4 a5 10. d5 {[%emt 0:11:48] Repels Nc6} Na6 {[%emt 0:23:52] The position is equal.} 11. Bb5 e6 12. dxe6 Bxe6 13. Nd2 {[%emt 0:16:18] Inhibits Nc4.} Nb4 14. O-O c6 15. Be2 Re8 16. Rc1 Bd4 17. Bf4 Qf6 $36 {[%emt 0:06:23][%mdl 2048] Black is really pushing.} 18. Bc7 Qe7 {[%emt 0:00:29] Prevents e5} 19. Bf4 Rad8 20. Qe1 Bg7 {[%emt 0:05:46] Black is much more active.} 21. Be3 Bd4 22. Bf4 Rd7 23. Nf3 Bg7 24. Bg5 f6 25. Bf4 g5 26. Be3 Nc4 27. Nd4 Nxb2 {[%emt 0:00:59] ...N4d3 would now be deadly.} 28. Nxe6 N2d3 {[%emt 0:02:25] Prevents Nc5.} (28... N4d3 $17 29. Nxg7 (29. Bxd3 Nxd3 30. Nxg7 Nxe1 $11) 29... Nxe1) 29. Bxd3 (29. Nxg7 $1 $11 {was the only way to keep the balance.} Nxe1 30. Nf5 (30. Nxe8 $2 {is the wrong capture.} Ned3 $19)) 29... Nxd3 $17 30. Nxg7 Nxe1 31. Nf5 Qb4 32. Rfxe1 Rd3 33. Ne2 {[%emt 0:01:09] Now White is beyond hope.} (33. Ng3 $1 $15) 33... Rxe4 $19 34. Neg3 {[%emt 0:00:31] [#]} Re5 35. Rb1 Rb3 36. Rbd1 (36. Ra1 $142) 36... h5 {[%emt 0:01:55] Threatens to win with ...h4.} 37. Rd8+ Kf7 38. Rd7+ {[%emt 0:00:24] [#]} (38. Red1 $142 Rd5 39. R1xd5 Qe1+ (39... cxd5 40. h4 $17) 40. Nf1 cxd5 41. Bc5) 38... Ke8 $1 39. Red1 {[%emt 0:00:56] Rd8+ is the strong threat.} Rd5 $1 40. Rd6 (40. R7xd5 cxd5 41. h4) 40... Rxd1+ 41. Rxd1 {[%emt 0:00:00] Weighted Error Value: White=0.48/Black=0.18 (very precise) .  Mistake:       	White=5     	Black=1      Inaccurate:     	White=5     	Black=2      OK:         	White=10    	Black=11     Best:        	White=3     	Black=5      Strong:       	---       	Black=2} 0-1

[Event "7th Sharjah Challengers 2024"]
[Site "Sharjah"]
[Date "2024.05.16"]
[Round "3.6"]
[White "Devnani Kush"]
[Black "Sammed Jaykumar, Shete"]
[Result "0-1"]
[ECO "E93"]
[WhiteElo "2250"]
[BlackElo "2383"]
[Annotator "TA"]
[PlyCount "74"]
[EventDate "2024.05.13"]
[EventType "swiss"]
[EventCountry "UAE"]
[SourceTitle "playchess.com"]
[Source "ChessBase"]
[SourceQuality "1"]
[TimeControl "5400+30"]

1. d4 Nf6 2. c4 g6 3. Nc3 Bg7 4. e4 d6 5. Nf3 O-O 6. Be2 Nbd7 7. Be3 e5 8. d5 Qe7 9. Nd2 a5 10. g4 Nc5 (10... Nxg4 $1 $11 11. Bxg4 f5) 11. Rg1 Kh8 12. Qc2 Ng8 13. g5 b6 14. h4 f5 15. h5 gxh5 16. Rh1 (16. Bxh5 $16 {Rh1 would now be deadly.} Na6 17. f3) 16... f4 $14 17. Bxc5 bxc5 18. Rxh5 {[%emt 0:00:28] [#]} (18. Nf3 $14) 18... f3 $1 $11 {[%emt 0:02:43] White must now prevent ...Bg4.} 19. Bf1 (19. Bxf3 $2 Rxf3 20. Nxf3 Bg4 $19) (19. Nxf3 $2 Bg4 20. Rh2 Bxf3 $19) (19. Bd3 Bg4) 19... Bg4 20. Rh1 Qxg5 21. Nb5 $2 (21. O-O-O $1 $11) 21... Rf7 $2 ({Better is} 21... Qe3+ $1 $19 22. Kd1 Qxf2) 22. O-O-O $15 Bh6 $36 {[%emt 0:00:00][%mdl 2048] Black is more active.} 23. Kb1 Nf6 24. Bh3 {[%emt 0:05:52] [#]} (24. Ka1 $15) 24... Qg6 $1 $17 {[%emt 0:00:00] Black is more active.} 25. Nc3 (25. Bxg4 $17 Nxg4 26. Nf1) 25... Bxd2 $19 26. Bxg4 Qxg4 (26... Bxc3 27. Bf5 Qg2 28. Qxc3) 27. Rxd2 Rg8 28. Re1 (28. Rdd1 $142) 28... Qh4 (28... h5 $19 {has better winning chances.} 29. Rh1 h4) 29. Nd1 {[%emt 0:02:30] This move loses the game for White.} (29. Rd3 $17 {was necessary.}) 29... Rfg7 30. Rd3 {[%emt 0:03:13] [#]} Rg1 $1 ({Don't do} 30... Nxe4 31. Rxf3 Nf6 32. b3) 31. Rde3 R8g4 32. Qc3 Rxe1 (32... Nxe4 33. Rxe4 (33. Qxa5 $2 Nxf2 34. Rxf3 Nxd1 $19) 33... Rxe4 34. Rxg1 Rxc4 35. Qxf3 $14) 33. Rxe1 Nxe4 34. Qxa5 (34. Qc2) 34... Nxf2 {[%emt 0:00:00] Black is clearly winning.} 35. Ne3 Rg8 {[%emt 0:00:00] aiming for ...Nd3.} 36. Qxc7 Ng4 37. Nc2 {[%emt 0:00:26] [#]} Qxe1+ $3 {[%emt 0:00:00][%mdl 33280] Weighted Error Value: White=0.94/Black=0.26 (precise) .  Loses game:     	White=1     	---        Missed win:     	---       	Black=1      Mistake:       	White=7     	Black=2      Inaccurate:     	White=5     	Black=4      OK:         	White=10    	Black=10     Best:        	---       	Black=2      Strong:       	---       	Black=1      Brilliant:      	---       	Black=1     . Loss on time!?} 0-1

[Event "7th Sharjah Challengers 2024"]
[Site "Sharjah"]
[Date "2024.05.16"]
[Round "3.7"]
[White "Mendes Aaron Reeve"]
[Black "Pang, Tao"]
[Result "0-1"]
[ECO "C02"]
[WhiteElo "2307"]
[BlackElo "2496"]
[Annotator "TA"]
[PlyCount "84"]
[EventDate "2024.05.13"]
[EventType "swiss"]
[EventCountry "UAE"]
[SourceTitle "playchess.com"]
[Source "ChessBase"]
[SourceQuality "1"]
[TimeControl "5400+30"]

1. e4 e6 2. d4 d5 3. e5 c5 4. c3 Nc6 5. Nf3 Bd7 6. Be2 f6 7. exf6 Nxf6 8. O-O cxd4 9. cxd4 Bd6 10. Nc3 {[%emt 0:02:29] The position is equal.} O-O 11. Bg5 Qe8 12. Bh4 Nh5 13. Bg3 Nxg3 14. fxg3 Bc7 15. Kh1 Bb6 (15... Qh5 {looks sharper.} 16. Kg1 Qh6 17. Na4 Bd6) 16. Qd2 a6 17. Rae1 Qg6 18. Bd1 Ba7 19. Bc2 Qh6 20. Qd1 Rf6 21. g4 {[%emt 0:12:25] aiming for g5.} g5 {[%emt 0:01:01] ...Raf8 would now be deadly.} 22. g3 $2 {[%emt 0:09:36] White does not recover from this.} (22. Na4 $15) 22... Raf8 $19 23. Kg2 {[%emt 0:00:20] [#]} Nxd4 $1 24. Nxd4 Rxf1 25. Rxf1 Rxf1 26. Kxf1 {[%emt 0:01:38] Threatens to win with Kg2.} Qxh2 $40 {[%emt 0:00:42][%mdl 128] White is in trouble.} 27. Nce2 $2 (27. Qd3 Bxd4 28. Qxd4 Qxc2 29. Ke1) 27... Bb5 {[%emt 0:03:21] Strongly threatening ...Bxe2+.} ({Less strong is} 27... e5 28. Bb3 Qh1+ (28... Bxd4 29. Bxd5+ Kf8 30. Nxd4 $11) 29. Kf2 Qxd1 (29... Bxd4+ 30. Nxd4 Qxd1 31. Bxd1 $19) 30. Bxd1 $19) 28. Ke1 Bxd4 {[%emt 0:02:03] A strong pair of Bishops.} 29. Bxh7+ {[%emt 0:00:35] [#]} (29. Nxd4 $19 Qg1+ (29... Qxg3+ 30. Kd2 $11) 30. Kd2 Qxd4+ 31. Kc1 Qxd1+ 32. Kxd1) 29... Kxh7 {[%emt 0:01:34] Black mates.} 30. Qc2+ Kh6 31. Nxd4 {[%emt 0:00:09] KQB-KQN} Qg1+ 32. Kd2 Qxd4+ 33. Kc1 Qg1+ 34. Kd2 Qf2+ 35. Kc1 Qxc2+ 36. Kxc2 {[%emt 0:00:05] KB-KP} e5 37. Kb3 a5 38. Ka3 e4 39. b3 e3 40. Kb2 e2 41. Ka3 e1=Q 42. b4 Qc3# {[%emt 0:00:05] Weighted Error Value: White=0.54/Black=0.03 (flawless) .  Loses game:     	White=1     	---        Mistake:       	White=2     	---        Inaccurate:     	White=1     	Black=1      OK:         	White=8     	Black=14} 0-1

[Event "7th Sharjah Challengers 2024"]
[Site "Sharjah"]
[Date "2024.05.16"]
[Round "3.8"]
[White "Burmakin, Vladimir"]
[Black "Lopez Rayo, Santiago"]
[Result "1-0"]
[ECO "A49"]
[WhiteElo "2483"]
[BlackElo "2301"]
[Annotator "RC"]
[PlyCount "101"]
[EventDate "2024.05.13"]
[EventType "swiss"]
[EventCountry "UAE"]
[SourceTitle "playchess.com"]
[Source "ChessBase"]
[SourceQuality "1"]
[TimeControl "5400+30"]

1. d4 Nf6 2. Nf3 g6 3. g3 Bg7 4. Bg2 O-O 5. O-O d6 6. a4 a5 7. Nc3 Nc6 8. d5 Nb4 9. e4 e6 10. h3 e5 11. Bg5 h6 12. Be3 Qe7 13. Qd2 Kh7 14. Ne1 Nd7 15. Nb5 Nc5 16. Bxc5 dxc5 17. c3 Na6 18. Nc2 f5 19. exf5 gxf5 20. Rae1 Qf6 21. Ne3 f4 22. Ng4 Qg5 23. Qe2 Bf5 24. Nxe5 Rae8 25. Nf3 Qh5 26. Qd2 fxg3 27. fxg3 Bxh3 28. Nh4 Rxf1+ 29. Rxf1 Bxg2 30. Qxg2 Re2 31. Rf2 Rxf2 32. Kxf2 Qe5 33. Qf3 c6 34. dxc6 bxc6 35. Qxc6 Nb8 36. Qg6+ Kg8 37. Nf5 Qf6 38. Qxf6 Bxf6 39. Nxh6+ Kf8 40. Nd6 Nc6 41. Nc4 Bd8 42. Kf3 Kg7 43. Nf5+ Kf6 44. Ke4 Ke6 45. g4 Bg5 46. Nfd6 Nd8 47. Nb5 Nc6 48. Nc7+ Kd7 49. Nd5 Ke6 50. Nf4+ Kd7 51. Nd3 1-0

[Event "7th Sharjah Challengers 2024"]
[Site "Sharjah"]
[Date "2024.05.16"]
[Round "3.9"]
[White "Hakobyan, Erik"]
[Black "Rios Gomez, Cristhian Camilo"]
[Result "1/2-1/2"]
[ECO "B30"]
[WhiteElo "2340"]
[BlackElo "2472"]
[Annotator "RC"]
[PlyCount "80"]
[EventDate "2024.05.13"]
[EventType "swiss"]
[EventCountry "UAE"]
[SourceTitle "playchess.com"]
[Source "ChessBase"]
[SourceQuality "1"]
[TimeControl "5400+30"]

1. e4 c5 2. Nf3 Nc6 3. Bb5 e6 4. Nc3 Nge7 5. d4 cxd4 6. Nxd4 Ng6 7. Be3 Be7 8. g3 O-O 9. h4 a6 10. Be2 d5 11. h5 Nge5 12. h6 g6 13. Qd2 Na5 14. b3 Qc7 15. O-O Bb4 16. Nxd5 Bxd2 17. Nxc7 Bxe3 18. fxe3 Ra7 19. b4 Nac4 20. b5 Bd7 21. Rf2 axb5 22. Ncxb5 Ra5 23. Bxc4 Nxc4 24. Nc3 Nxe3 25. Rb1 Ng4 26. Rd2 Bc8 27. Rb6 Rg5 28. Rb5 Rxb5 29. Ndxb5 Nxh6 30. Rd6 f5 31. Rb6 Nf7 32. Kf2 fxe4 33. Ke3 Ne5 34. Nd6 Nd7 35. Rb3 b6 36. Ncxe4 Ba6 37. Ra3 Ra8 38. Rc3 Ra7 39. Ra3 Ra8 40. Rc3 Ra7 1/2-1/2

[Event "7th Sharjah Challengers 2024"]
[Site "Sharjah"]
[Date "2024.05.16"]
[Round "3.10"]
[White "Peycheva, Gergana"]
[Black "Nitish Belurkar"]
[Result "1/2-1/2"]
[ECO "D12"]
[WhiteElo "2295"]
[BlackElo "2451"]
[Annotator "TA"]
[PlyCount "50"]
[EventDate "2024.05.13"]
[EventType "swiss"]
[EventCountry "UAE"]
[SourceTitle "playchess.com"]
[Source "ChessBase"]
[SourceQuality "1"]
[TimeControl "5400+30"]

1. d4 d5 2. c4 c6 3. e3 Nf6 4. Nf3 Bf5 5. Nc3 e6 6. Nh4 Be4 7. f3 Bg6 8. Nxg6 hxg6 9. Qb3 Qc7 10. Bd2 a5 11. cxd5 Nxd5 12. O-O-O ({White should try} 12. e4 $14 Nxc3 13. bxc3) 12... Nxc3 $11 13. Bxc3 b5 14. Kb1 a4 15. Qc2 b4 16. Be1 Bd6 (16... b3 $5 17. axb3 axb3 18. Qxb3 Bd6 $11) 17. h4 {[%emt 0:11:58] [#]} b3 $1 18. axb3 axb3 19. Qxb3 Nd7 20. Bc4 Ke7 21. h5 g5 {[%emt 0:09:09] [#] Prevents Bh4} (21... Rhb8 $15 22. Qd3 gxh5) 22. h6 $1 {[%emt 0:03:05] The position is equal.} gxh6 23. Qd3 Qb7 24. Bc3 Nb6 25. Kc2 Na4 {[%emt 0:06:59] Weighted Error Value: White=0.13 (very precise) /Black=0.10 (very precise) .  Mistake:       	White=1     	Black=1      Inaccurate:     	White=3     	Black=3      OK:         	White=8     	Black=8      Best:        	---       	Black=1      Brilliant:      	---       	Black=1} 1/2-1/2

[Event "7th Sharjah Challengers 2024"]
[Site "Sharjah"]
[Date "2024.05.16"]
[Round "3.11"]
[White "Mohammad Fahad, Rahman"]
[Black "Mulenga, Prince Daniel"]
[Result "1/2-1/2"]
[ECO "E14"]
[WhiteElo "2435"]
[BlackElo "2219"]
[Annotator "TA"]
[PlyCount "160"]
[EventDate "2024.05.13"]
[EventType "swiss"]
[EventCountry "UAE"]
[SourceTitle "playchess.com"]
[Source "ChessBase"]
[SourceQuality "1"]
[TimeControl "5400+30"]

1. d4 Nf6 2. c4 e6 3. Nf3 Bb4+ 4. Nbd2 b6 5. a3 Bxd2+ 6. Qxd2 Bb7 7. e3 O-O 8. Be2 d6 9. O-O Nbd7 10. b4 Ne4 11. Qc2 f5 {[%emt 0:00:05] [#]} 12. d5 $1 e5 {[%emt 0:08:51] Prevents Nd4.} 13. Bb2 Qe7 14. Rfd1 {[%emt 0:05:18] White is slightly better.} c6 15. dxc6 Bxc6 16. Ne1 (16. Nd2 $11) 16... Ng5 (16... Qh4 $15 17. Bd3 Qh6) 17. Bd3 $11 g6 18. Qb3 Nf7 19. Be2 Rac8 20. Rd2 Nf6 21. f3 Bd7 22. a4 Be6 23. Nc2 a6 24. Na3 Qb7 25. Qd1 Rfd8 26. Rc1 Rd7 27. f4 Rcd8 28. Qe1 Ne4 29. Bf3 Rc8 30. Qh4 Rdc7 (30... Qc6 $11) 31. Rcd1 Re8 (31... Bxc4 $2 32. fxe5 Bb3 (32... dxe5 33. Nxc4 Rxc4 34. Rd7 $18) 33. e6 Bxd1 (33... Bxe6 $2 34. Bxe4 Qxe4 35. Qf6 $18) 34. exf7+ Rxf7 35. Rxd1 $18) 32. h3 (32. b5 {is more complex.} a5 33. h3 Bxc4 34. fxe5 Bb3 35. exd6 Rd7 36. Bxe4 Qxe4 37. Qxe4 fxe4 38. Rc1) 32... Rcc8 {[%emt 0:00:00] [#]} 33. Rxd6 $1 Nfxd6 34. Rxd6 {[%emt 0:00:00] And now Bxe4 would win.} Qe7 $1 (34... Bxc4 $2 {is the wrong capture.} 35. Nxc4 (35. Bxe5 Bf7 $16) 35... Rxc4 36. Bxe5 $18 (36. fxe5 $2 Nxd6 37. Bxb7 Rxh4 $19)) 35. Qxe7 Rxe7 36. Bxe4 fxe4 37. Bxe5 (37. fxe5 {seems wilder.} a5 38. Rxb6 axb4 39. Nb5) 37... Bxc4 38. Nxc4 Rxc4 39. Rxb6 $14 {[%emt 0:00:00][%cal Oa4a5][%mdl 4096] Endgame. KRR-KRB} a5 $1 40. bxa5 {[%emt 0:00:00] a6 is the strong threat.} Rxa4 41. a6 {[%emt 0:00:00] aiming for Bd4.} Kf7 (41... Re8 $1 $11 {keeps the balance.}) 42. Rf6+ $16 Ke8 43. Bd4 {[%emt 0:00:07] Prevents Ra7} Rc7 44. f5 (44. a7 $16) 44... gxf5 $14 45. a7 Rf7 46. Rd6 Raxa7 47. Bxa7 Rxa7 {[%emt 0:00:01] KR-KR} 48. Rd5 Rf7 49. Kh2 Ke7 50. Kg3 {[%emt 0:00:06] Hoping for Kf4.} Ke6 51. Ra5 {[%emt 0:00:05] Strongly threatening Kf4.} Rg7+ $1 52. Kf4 Rxg2 53. Re5+ (53. Rxf5 Rf2+ 54. Kxe4 Rxf5 55. h4 Rh5 56. Kf4 Rxh4+ 57. Kf3 Ke5 58. Kf2 Rc4 59. Kf3 Kf5 60. Kf2 Ke4 61. Ke2 h5 62. Kf2 Rc2+ 63. Kg1 Kxe3 64. Kf1 h4 65. Kg1 Kf3 66. Kh1 Kg3 67. Kg1 Rc1#) 53... Kf6 54. Rxf5+ Kg6 55. Kxe4 h5 56. h4 Ra2 {[%emt 0:00:15] ( -> ...Ra4+)} 57. Rf4 Ra3 58. Kf3 Ra1 59. Rd4 Rh1 60. Kg3 Kf5 61. Rd5+ Ke4 (61... Kg6 $14) 62. Rxh5 $18 Kxe3 {[%emt 0:00:01] [#]} 63. Re5+ $1 Kd4 64. Ra5 $2 ({White should try} 64. Re6 $18) 64... Ke4 $1 $11 {[%emt 0:00:06] The position is equal.} 65. Kg4 {[%emt 0:00:00] Kg5 would now be deadly.} Rg1+ 66. Kh5 Kf4 67. Kh6 Rb1 68. Rg5 Rb8 69. Kh7 Rb7+ 70. Kg6 Rb6+ 71. Kh5 Rb8 72. Rg6 Kf5 73. Ra6 Rh8+ 74. Rh6 Rb8 75. Rh7 Kf6 76. Kh6 Kf5 77. Rc7 Rh8+ 78. Rh7 Rxh7+ 79. Kxh7 Kg4 80. h5 Kxh5 {[%emt 0:00:01] Weighted Error Value: White=0.09 (flawless) /Black=0.09 (flawless) .  Missed win:     	White=1     	---        Mistake:       	White=2     	Black=4      Inaccurate:     	---       	Black=1      OK:         	White=29    	Black=26     Best:        	White=4     	Black=9      Strong:       	White=1     	Black=4} 1/2-1/2